Map: Triton LE

Players

Vindicta - Winner!

  • Race: Terran Terran
  • Spawn Location: 5:00

ShaDoWn

  • Race: Protoss Protoss
  • Spawn Location: 11:00

VOD

Have the link to the VOD?

Description

Time

  • Played on: Sept. 6, 2019, 9:38 p.m.
  • Length: 13:46
Show
View Real Time Build Order
Export as new Build Order

Vindicta Terran - Winner!

Build Orders: Liberator Opening, Reaper Expand 

Get SALT Encoding   

  12  0:00  SCV  
  13  0:12  SCV  
  14  0:17  Supply Depot  
  14  0:25  SCV  
  15  0:38  SCV  
  15  0:40  Barracks  
  16  0:43  Refinery  
  16  0:50  SCV  
  17  1:02  SCV  
  18  1:14  SCV  
  19  1:26  Reaper  
  19  1:27  Orbital Command  
  20  1:43  Command Center  
  20  1:53  SCV  
  21  1:57  Supply Depot  
  21  1:59  Marine  
  22  2:05  SCV  
  23  2:12  Factory  
  23  2:18  SCV  
  23  2:21  Barracks Reactor  
  24  2:25  Refinery  
  24  2:31  SCV  
  25  2:43  SCV  
  26  2:55  SCV  
  26  2:57  Widow Mine, Marine  
  30  2:59  Orbital Command, Marine  
  30  3:01  Starport  
  31  3:07  SCV  
  31  3:12  Supply Depot  
  32  3:15  Marine  
  32  3:17  Marine  
  32  3:18  Widow Mine  
  36  3:20  SCV  
  36  3:25  SCV  
  38  3:33  Marine, SCV  
  40  3:34  Marine  
  40  3:36  Supply Depot  
  40  3:37  SCV  
  40  3:38  Medivac  
  44  3:42  Widow Mine  
  44  3:45  SCV  
  47  3:49  SCV  
  47  3:51  Marine  
  47  3:52  Marine  
  47  3:54  Liberator  
  50  3:57  SCV  
  50  3:59  Supply Depot  
  50  4:02  SCV  
  51  4:05  Factory Tech Lab  
  51  4:08  Marine  
  51  4:09  SCV  
  53  4:10  Marine  
  53  4:14  SCV  
  58  4:21  Supply Depot, SCV  
  58  4:23  Siege Tank  
  62  4:26  SCV  
  63  4:33  SCV  
  63  4:36  Command Center  
  63  4:38  SCV  
  65  4:41  Barracks Tech Lab  
  65  4:44  Supply Depot  
  65  4:52  Barracks, SCV  
  66  4:56  Barracks  
  66  4:57  Starport Reactor  
  66  4:58  SCV  
  67  5:04  SCV  
  67  5:06  Stimpack  
  70  5:07  Marauder  
  70  5:10  SCV  
  70  5:14  Refinery x2, Engineering Bay  
  65  5:15  Engineering Bay  
  65  5:21  Siege Tank  
  66  5:22  SCV  
  66  5:23  SCV  
  68  5:31  Marauder  
  68  5:34  SCV  
  68  5:35  SCV  
  71  5:40  Barracks  
  71  5:41  Barracks  
  71  5:42  Marine x2  
  73  5:44  Barracks Tech Lab  
  73  5:45  Medivac  
  73  5:46  SCV  
  76  5:50  SCV  
  76  5:51  Orbital Command  
  77  5:57  Marine  
  77  6:02  Barracks Tech Lab  
  75  6:06  SCV x2  
  75  6:07  Terran Infantry Armor Level 1, Terran Infantry Weapons Level 1  
  75  6:10  Supply Depot  
  73  6:15  Marauder  
  73  6:17  Siege Tank  
  54  6:18  Orbital Command, SCV  
  79  6:19  Marine x2  
  79  6:23  SCV  
  82  6:26  Combat Shield, Marine  
  82  6:30  SCV  
  82  6:31  Barracks Reactor  
  83  6:35  SCV  
  83  6:36  Marine x2  
  86  6:42  SCV  
  86  6:44  Marauder, SCV  
  89  6:47  SCV  
  89  6:51  Siege Tank  
  91  6:54  Marauder, SCV  
  91  6:56  SCV  
  91  6:57  Refinery, Marine x2  
  91  6:58  Refinery  
  91  6:59  Refinery, SCV  
  91  7:00  Supply Depot  
  91  7:01  Supply Depot  
  98  7:03  Barracks Tech Lab  
  98  7:04  Medivac  
  98  7:05  Viking  
  98  7:06  SCV  
  98  7:08  SCV  
  104  7:11  SCV  
  104  7:12  Marauder  
  104  7:13  Marine  
  108  7:19  SCV  
  108  7:21  SCV  
  108  7:22  Marauder  
  112  7:23  Concussive Shells, SCV  
  112  7:24  Marauder  
  112  7:28  Armory  
  115  7:31  SCV  
  115  7:33  Bunker  
  115  7:34  Marauder  
  115  7:35  Marine  
  115  7:36  SCV  
  120  7:38  Missile Turret  
  120  7:40  Missile Turret  
  120  7:41  Missile Turret  
  118  7:44  Siege Tank  
  118  7:45  Marauder x2  
  125  7:53  Supply Depot  
  125  7:54  Supply Depot x2  
  125  7:58  Liberator x2  
  125  8:05  Supply Depot  
  125  8:07  Supply Depot  
  125  8:14  Marine x5  
  125  8:15  SCV x2  
  125  8:16  Supply Depot, SCV  
  125  8:18  Supply Depot, Siege Tank  
  125  8:19  Terran Infantry Weapons Level 2  
  142  8:21  Marine x2  
  144  8:31  Terran Infantry Armor Level 2  
  144  8:33  Marine  
  144  8:34  Marauder, Marine x2  
  147  8:35  Marine  
  147  8:40  Marauder x2, Terran Vehicle Weapons Level 1  
  152  8:42  Missile Turret  
  152  8:51  Marine x2  
  154  8:56  Ghost Academy, Siege Tank  
  154  8:58  Command Center  
  154  9:01  Marauder  
  159  9:04  Marauder x2, Marine  
  159  9:05  Marine  
  159  9:09  Liberator  
  165  9:19  Marine  
  165  9:22  Marauder, Marine  
  165  9:23  Marine x2  
  171  9:26  Marauder x2  
  171  9:29  Siege Tank  
  175  9:37  Marine  
  173  9:40  Marine  
  173  9:41  Marine x2  
  173  9:43  Marauder  
  170  9:47  Marauder  
  170  9:50  Enhanced Shockwaves  
  170  9:51  Ghost  
  169  9:53  Supply Depot  
  169  9:55  Marine  
  169  9:57  Barracks  
  164  10:00  Marine  
  164  10:01  Siege Tank, SCV  
  164  10:04  Ghost  
  170  10:07  SCV  
  170  10:10  Marauder, Marine  
  174  10:15  SCV  
  174  10:18  SCV  
  174  10:19  Ghost  
  178  10:28  Supply Depot  
  178  10:29  Supply Depot, Missile Turret  
  178  10:30  Refinery  
  178  10:31  Supply Depot, Ghost, Refinery  
  178  10:32  Ghost  
  178  10:33  Missile Turret  
  182  10:44  Barracks Tech Lab  
  182  10:48  Ghost  
  184  10:56  Sensor Tower  
  184  10:59  Ghost  
  184  11:01  Ghost  
  187  11:04  Orbital Command  
  187  11:05  Marine  
  187  11:06  Marauder  
  186  11:16  Ghost  
  185  11:21  Marine  
  185  11:23  Marine  
  185  11:24  Marine x2  
  189  11:27  Planetary Fortress, Marauder  
  189  11:28  Medivac  
  189  11:29  Marauder  
  189  11:30  Marine, SCV x2  
  196  11:38  Siege Tank, Marine  
  188  11:44  Marine x3  
  188  11:46  Marauder, SCV  
  195  11:48  Marauder  
  196  12:03  Marine x2  
  196  12:04  Marauder, Liberator  
  200  12:09  SCV  
  200  12:13  Ghost  
  189  12:17  Siege Tank  
  189  12:18  Marine x2  
  189  12:20  SCV x2  
  189  12:21  Marine x2  
  199  12:25  Marauder  
  199  12:28  SCV x2  
  197  12:32  Marine  
  197  12:33  Marauder  
  200  12:58  Medivac  
  189  12:59  Marauder, Marine  
  189  13:00  SCV  
  170  13:10  Marauder x3, Marine x3  
  154  13:17  Marine  
  154  13:18  Command Center, Barracks  
  150  13:20  Barracks  
  150  13:21  Marauder  
  155  13:27  Marine  
  155  13:28  Marine x2  
  163  13:36  Starport  
  163  13:37  Fusion Core  
Show
View Real Time Build Order
Export as new Build Order

ShaDoWn Protoss 

Build Orders: 1 Gate Expand, Blink Stalkers, Colossus Rush 

Get SALT Encoding   

  12  0:00  Probe  
  13  0:12  Probe  
  14  0:17  Pylon  
  14  0:24  Probe  
  15  0:32  Probe  
  15  0:36  Gateway  
  15  0:40  Probe  
  16  0:47  Assimilator  
  17  0:51  Probe  
  18  1:03  Probe  
  19  1:15  Probe  
  20  1:22  Nexus  
  20  1:32  Cybernetics Core  
  20  1:35  Probe  
  21  1:40  Assimilator  
  21  1:47  Probe  
  21  1:52  Pylon  
  22  1:59  Probe  
  22  2:00  Adept  
  23  2:08  Warp Gate  
  23  2:11  Probe  
  26  2:23  Probe  
  27  2:30  Stalker  
  27  2:31  Probe x2  
  27  2:36  Twilight Council  
  30  2:39  Probe x2  
  32  2:49  Probe x2  
  34  3:00  Stalker  
  34  3:01  Probe x2  
  38  3:10  Probe  
  38  3:12  Blink  
  38  3:14  Probe  
  38  3:18  Probe  
  38  3:19  Pylon  
  40  3:23  Robotics Facility  
  40  3:26  Probe  
  42  3:28  Probe  
  43  3:38  Probe  
  43  3:39  Gateway  
  44  3:41  Probe  
  44  3:44  Assimilator  
  44  3:45  Assimilator  
  45  3:50  Probe  
  45  3:51  Gateway, Probe  
  47  3:56  Pylon  
  47  3:59  Probe  
  47  4:01  Stalker  
  47  4:02  Probe  
  50  4:07  Observer  
  50  4:08  Probe  
  51  4:14  Probe  
  51  4:16  Pylon  
  54  4:20  Robotics Bay  
  54  4:22  Observer  
  54  4:27  Nexus  
  55  4:31  Pylon  
  55  4:37  Probe x2  
  57  4:42  Stalker  
  57  4:43  Observer, Stalker  
  62  4:49  Probe, Stalker  
  62  4:50  Probe  
  66  5:00  Forge  
  66  5:01  Probe  
  64  5:11  Stalker x2  
  64  5:14  Probe  
  64  5:15  Colossus, Probe  
  66  5:26  Probe  
  66  5:27  Probe  
  74  5:31  Pylon  
  74  5:36  Protoss Ground Weapons Level 1  
  74  5:42  Stalker x2  
  78  5:45  Probe  
  78  5:47  Probe x2  
  79  5:53  Probe  
  79  5:55  Probe  
  81  5:59  Probe  
  81  6:02  Probe  
  84  6:05  Probe  
  84  6:09  Colossus  
  88  6:11  Probe  
  88  6:14  Probe  
  88  6:16  Sentry x2  
  88  6:17  Probe  
  95  6:19  Probe  
  95  6:24  Pylon  
  96  6:26  Probe  
  96  6:27  Probe  
  96  6:28  Extended Thermal Lance  
  96  6:29  Probe  
  96  6:32  Observer x2  
  99  6:37  Assimilator x2  
  99  6:38  Probe x2  
  101  6:42  Probe  
  102  6:50  Probe x2  
  105  6:54  Probe  
  105  7:02  Probe  
  105  7:03  Gateway, Probe  
  105  7:04  Gateway  
  105  7:05  Gateway  
  105  7:06  Probe  
  108  7:09  Forge  
  108  7:12  Gateway  
  108  7:13  Gateway  
  108  7:14  Pylon  
  108  7:16  Pylon  
  108  7:21  Colossus  
  108  7:23  Pylon  
  108  7:25  Protoss Ground Armor Level 1, Pylon  
  108  7:29  Templar Archives  
  108  7:32  Observer  
  112  7:45  Protoss Ground Weapons Level 2  
  112  7:48  Nexus  
  112  7:52  Pylon  
  112  7:57  Probe  
  113  8:05  Psionic Storm, Probe, Warp Prism  
  114  8:09  Probe  
  115  8:13  Gravitic Drive  
  115  8:17  High Templar x4  
  125  8:23  Probe  
  125  8:25  Assimilator  
  126  8:28  Pylon  
  126  8:30  Probe  
  126  8:33  Disruptor  
  127  8:39  Probe  
  131  8:43  Assimilator  
  131  8:44  Zealot x4  
  131  8:47  Pylon  
  139  8:48  Pylon  
  139  8:50  Photon Cannon, Shield Battery  
  138  9:02  Zealot x4  
  146  9:06  Disruptor  
  149  9:12  Stalker x4  
  153  9:19  Nexus  
  153  9:20  Probe  
  153  9:24  Protoss Ground Armor Level 2  
  144  9:25  Zealot x4  
  151  9:34  Pylon, Probe  
  152  9:42  Pylon  
  152  9:43  Zealot x4  
  152  9:45  Zealot x4  
  158  9:59  Assimilator  
  140  10:07  High Templar x7, Assimilator  
  140  10:12  Archon x3  
  154  10:24  Nexus  
  154  10:26  Photon Cannon  
  154  10:32  Protoss Ground Weapons Level 3  
  154  10:34  Gateway  
  154  10:35  Gateway  
  154  10:37  Disruptor  
  154  10:41  Stalker  
  154  10:42  Stalker x2  
  163  10:47  Zealot x5  
  163  10:48  Charge  
  161  11:11  Warp Prism  
  161  11:17  High Templar x3  
  168  11:20  Stalker x3  
  168  11:22  Probe  
  175  11:30  Zealot x2  
  163  11:47  Zealot x3  
  166  12:02  Zealot x5  
  166  12:07  Observer  
  171  12:11  Zealot x3  
  154  12:24  High Templar x2  
  154  12:25  Zealot x3  
  154  12:26  Zealot x2  
  154  12:27  Archon  
  165  12:30  Probe x3  
  165  12:35  Probe  
  169  12:40  Zealot x3  
  175  12:49  Zealot x2  
  179  12:51  Pylon  
  179  12:52  Pylon  
  179  12:55  Pylon  
  179  12:58  Disruptor  
  160  13:03  Stalker x8  
  142  13:09  Archon  
  107  13:13  Probe  
  107  13:15  Probe  
  103  13:21  Stalker  
  103  13:22  Stalker  
  107  13:27  Zealot x8  
Tags
 
Add a new tag
Caveats
  • Supply blocks, unpowered buildings, or Contaminate may cause inaccurate times.
  • Supply counts are checked every 10 seconds.